 Dungeon Crawl Stone Soup version 0.24.0-2-g5b39cebb1c (webtiles) character file.

Game seed: 14134434168230345721, levelgen mode: deterministic

192 Granthy the Digger (level 6, -1/41 HPs)
             Began as a Formicid Earth Elementalist on Oct 31, 2019.
             Killed from afar by an orc wizard (8 damage)
             ... with a puff of flame
             ... on level 3 of the Dungeon.
             The game lasted 00:09:20 (3027 turns).

Granthy the Digger (Formicid Earth Elementalist)    Turns: 3027, Time: 00:09:20

Health: -1/41      AC:  5    Str: 13    XL:     6   Next: 2%
Magic:  4/12       EV: 12    Int: 16    God:
Gold:   106        SH:  0    Dex: 11    Spells: 9/13 levels left

rFire    . . .     SeeInvis +   m - +0 short sword
rCold    . . .     Gourm    .   (no shield)
rNeg     . . .     Faith    .   c - +0 robe
rPois    .         Spirit   .   (helmet unavailable)
rElec    .         Reflect  .   (no cloak)
rCorr    .         Harm     .   (no gloves)
MR       .....                  l - +2 pair of boots
Stlth    ++........             (no amulet)
HPRegen  0.13/turn              (no ring)
MPRegen  0.13/turn              (no ring)

@: very slightly contaminated, starving
A: permanent stasis, dig shafts and tunnels, four strong arms, antennae 3
a: Dig, Shaft Self


You were on level 3 of the Dungeon.
You were starving.

You visited 1 branch of the dungeon, and saw 3 of its levels.

You collected 106 gold pieces.

Inventory:

Hand Weapons
 m - a +0 short sword (weapon)
Missiles
 b - 34 stones (quivered)
 e - 41 bolts
 k - 17 poisoned darts
Armour
 c - a +0 robe (worn)
 l - a +2 pair of boots (worn)
Scrolls
 a - a scroll of fog {unknown}
 f - 3 scrolls of identify {unknown}
 i - 4 scrolls of remove curse {unknown}
 n - 5 scrolls of teleportation {unknown}
Potions
 g - a potion of might {unknown}
 h - 3 potions of flight {unknown}
 j - a potion of invisibility {unknown}
Comestibles
 d - 5 rations
 o - 2 chunks of flesh


   Skills:
 - Level 1.8 Dodging
 - Level 2.8 Stealth
 + Level 4.3 Spellcasting
 + Level 0.5 Conjurations
   Level 1.1 Transmutations
 + Level 5.5 Earth Magic


You had 9 spell levels left.
You knew the following spells:

 Your Spells              Type           Power        Failure   Level  Hunger
a - Sandblast             Erth           ###...       1%          1    None
b - Stone Arrow           Conj/Erth      ##....       14%         3    ###....

Your spell library contained the following spells:

 Spells                   Type           Power        Failure   Level  Hunger
 Passwall                 Tmut/Erth      ##......     6%          2    ##.....
 Confusing Touch          Hex            #.....       16%         1    None
 Petrify                  Tmut/Erth      ##......     38%         4    ####...
 Confuse                  Hex            #.......     43%         3    ###....
 Gell's Gravitas          Tloc           #.........   43%         3    ###....
 Lee's Rapid Deconstruct  Erth           ###.......   43%         5    ######.
 Yara's Violent Unravell  Hex/Tmut       #.........   98%         5    ######.
 Metabolic Englaciation   Hex/Ice        #.........   99%         5    ######.


Dungeon Overview and Level Annotations

Branches:
Dungeon (3/15)

Altars:
Dithmenos
Trog


Innate Abilities, Weirdness & Mutations

You cannot be hasted, slowed, berserked, paralysed or teleported.
You can dig through walls and to a lower floor.
Your four strong arms can wield two-handed weapons with a shield.
You have a pair of large antennae on your head. (SInv)


Message History

You are very lightly contaminated with residual magic.
Your feet feel warm.
The orc wizard casts a spell at you. The puff of flame hits you!
* * * LOW HITPOINT WARNING * * *
The orc wizard closely misses you.
The orc wizard gestures wildly while chanting.
The orc wizard blinks!
The orc wizard points at you and mumbles some strange words.
The puff of frost misses you.
The orc wizard points at you and mumbles some strange words.
The puff of flame misses you.
The orc wizard miscasts a cantrip.
You see here a +0 hand axe.
The orc wizard is no longer moving quickly.
You are starving!
The orc wizard begins to cast a cantrip, but forgets the words!
The orc wizard points at you and mumbles some strange words.
The puff of flame hits you!
You die...

##.#.......#.#....#.# #.#
#.#.#####.#.######.# #o#
#.#.........)......# #.#
#.################## #.#
#.#...........#########)###
#.#.#########.#.o{.o......#####
##.#.#.......#.#.#####.....'...>
...#.#.####.##.#.#####.....####
...#.#.# #.##.#@#...).#.#.####
...#.#.# #.##.#.#.#####.#....#
...#.#.# #.##.#.#..........#.#
...'..)####.##.#.#######.#..# #
...#.####(..##.#.# #.#....#
...#...÷.....#'#.# #.########
...##............##### #.o.§.÷o..
#####....###...........#####.####
###### #.....#####. ##.###


You could see an orc wizard.

Vanquished Creatures
  An orc wizard (D:3)
  An orc priest (D:3)
  Terence (D:3)
  5 adders
  3 dart slugs
  A leopard gecko (D:1)
  4 orcs (D:3)
  A giant cockroach (D:1)
  6 goblins
  7 hobgoblins
  8 kobolds
  2 quokkas (D:3)
  8 bats
  6 frilled lizards
  6 rats
60 creatures vanquished.

Notes
Turn   | Place    | Note
-------+----------+-------------------------------------------
     0 | D:1      | Granthy the Formicid Earth Elementalist began the quest for
                  | the Orb.
     0 | D:1      | Reached XP level 1. HP: 13/13 MP: 3/3
    81 | D:1      | Reached XP level 2. HP: 16/19 MP: 1/5
   135 | D:1      | Reached skill level 4 in Earth Magic
   544 | D:1      | Reached XP level 3. HP: 24/24 MP: 3/6
  1099 | D:2      | Found a shadowy altar of Dithmenos.
  1396 | D:2      | Learned a level 3 spell: Stone Arrow
  1516 | D:2      | Reached XP level 4. HP: 30/30 MP: 6/8
  1564 | D:2      | Found a bloodstained altar of Trog.
  2174 | D:3      | Reached skill level 5 in Earth Magic
  2174 | D:3      | Reached XP level 5. HP: 25/35 MP: 0/10
  2624 | D:3      | Noticed Terence
  2730 | D:3      | Killed Terence
  2945 | D:3      | Reached XP level 6. HP: 41/41 MP: 2/12
  3027 | D:3      | Killed from afar by an orc wizard

Levels and vault maps discovered:
D:1:      ncdulo_lavacross, layout_basic
D:2:      layout_basic, nicolae_dithmenos_shadow_blocks, trog_book
D:3:      layout_basic, uniq_terence

Skill      XL: |  1  2  3  4  5 |
---------------+----------------+-----
Earth Magic    | 4 5 |  5.5
Spellcasting   | 3 4 |  4.3
Dodging        | |  1.8
Stealth        | |  2.8
Conjurations   | |  0.5
Transmutations | |  1.1

Action                   |  1- 3 |  4- 6 || total
-------------------------+-------+-------++-------
Melee: Unarmed           |     6 |     9 ||    15
       Short sword       |       |     3 ||     3
 Cast: Sandblast         |    46 |    38 ||    84
       Stone Arrow       |       |    17 ||    17
 Abil: Dig               |     1 |     4 ||     5
  Eat: Chunk             |     2 |     5 ||     7
Armor: Robe              |     5 |     7 ||    12
Dodge: Dodged            |    13 |    27 ||    40
